 Dungeon Crawl Stone Soup version 0.21-a0-278-ga722497 (webtiles) character file.

14 aspa the Magician (level 2, -1/17 HPs)
             Began as an Octopode Wizard on Sept 22, 2017.
             Slain by a jackal (2 damage)
             ... on level 1 of the Dungeon.
             The game lasted 00:01:54 (377 turns).

aspa the Magician (Octopode Wizard)                  Turns: 377, Time: 00:01:55

Health: -1/17      AC:  1    Str:  6    XL:     2   Next: 45%
Magic:  0/6        EV: 13    Int: 20    God:
Gold:   24         SH:  0    Dex: 10    Spells: 5/8 levels left

rFire    . . .     SeeInvis .   (no weapon)
rCold    . . .     Gourm    .   (no shield)
rNeg     . . .     Faith    .   a - +0 hat
rPois    .         Spirit   .   (no amulet)
rElec    .         Reflect  .   (no ring)
rCorr    .         Harm     .   (no ring)
MR       .....                  (no ring)
Stlth    +++.......             (no ring)
HPRegen  0.05/turn              (no ring)
MPRegen  0.10/turn              (no ring)
                                (no ring)
                                (no ring)

@: no status effects
A: almost no armour, stealthy swim, amphibious, 8 rings, constrict 8, camouflage
1, gelatinous body 1
a: no special abilities


You were on level 1 of the Dungeon.
You were not hungry.

You visited 1 branch of the dungeon, and saw 2 of its levels.

You collected 24 gold pieces.

Inventory:

Armour
 a - a +0 hat (worn)
Books
 b - a book of Minor Magic

   Spells                             Type                      Level
   a - Magic Dart                     Conjuration                  1
   b - Blink                          Translocation                2
   c - Call Imp                       Summoning                    2
   d - Slow                           Hexes                        2
   e - Conjure Flame                  Conjuration/Fire             3
   f - Mephitic Cloud                 Conjuration/Poison/Air       3
Comestibles
 c - a bread ration
 d - 5 chunks of flesh
 f - a meat ration


   Skills:
 - Level 2.0 Dodging
 - Level 2.6 Stealth
 + Level 3.6 Spellcasting
 - Level 1.0 Conjurations
 - Level 1.0 Summonings
   Level 1.0 Translocations


You had 5 spell levels left.
You knew the following spells:

 Your Spells              Type           Power        Failure   Level  Hunger
a - Magic Dart            Conj           #...         9%          1    None
b - Call Imp              Summ           #.......     13%         2    ##.....


Dungeon Overview and Level Annotations

Branches:
Dungeon (2/15)

Altars:


Innate Abilities, Weirdness & Mutations

You cannot wear most types of armour.
You are very stealthy in the water. (Stealth+)
You are amphibious.
You can wear up to eight rings at the same time.
You can use your tentacles to constrict eight enemies at once.
Your skin changes colour to match your surroundings (Stealth+).
Your rubbery body absorbs attacks. (AC +1, EV +1)


Message History

A jackal corpse.
The floor.
You closely miss the jackal. You grab the jackal. You constrict the jackal.
The jackal barely misses you.
As you read the scroll labeled FEQYAQ TOUMAO, it crumbles to dust.
You feel blessed for a moment.
It was a scroll of remove curse.
You constrict the jackal. The jackal closely misses you.
You tentacle-slap the jackal.
The jackal is severely wounded.
You constrict the jackal.
You kill the jackal!
You barely miss the jackal. You grab the jackal.
The jackal is severely wounded.
You constrict the jackal, but do no damage.
The jackal closely misses you. x2
You tentacle-slap the jackal but do no damage.
The jackal is severely wounded.
You constrict the jackal, but do no damage.
The jackal bites you.
You die...

.................#
.................#
.................#
.......?.........#
######..........#
#..........# ##########
#..........#
#....#...######..........#
#....#....##.@h........###
#....#...>##.#########.#
#....#....##.......# ...
#....#....##..####.##...#
#....#.##.##..# .....
#....#.##.....# ###....
###....#.##....†# ###..##.
#........##.###.###.......#
#.###..#.....)......#


You could see a jackal.

Vanquished Creatures
  3 goblins (D:1)
  A hobgoblin (D:1)
  3 jackals (D:1)
  3 kobolds (D:1)
  A ball python (D:1)
  2 rats (D:1)
13 creatures vanquished.

Notes
Turn   | Place    | Note
-------+----------+-------------------------------------------
     0 | D:1      | aspa the Octopode Wizard began the quest for the Orb.
     0 | D:1      | Reached XP level 1. HP: 11/11 MP: 4/4
   174 | D:1      | Reached XP level 2. HP: 14/17 MP: 0/6
   178 | D:1      | Learned a level 2 spell: Call Imp
   377 | D:1      | Slain by a jackal

Vault maps used:
D:1:      saegor_arrival_simple_b
D:2:      nicolae_overflow_hidden_temple,
          nicolae_dithmenos_through_a_glass_darkly

Action                   || total
-------------------------++-------
Melee: Unarmed           ||    23
       Constrict         ||     7
       Tentacles         ||     1
 Cast: Magic Dart        ||    24
  Use: Scroll            ||     1
       Potion            ||     1
 Stab: Sleeping          ||     1
Armor: Skin              ||     3
Dodge: Dodged            ||    17

Table legend:
 A = Spawn XP
 B = Non-spawn XP
 C = Spawn XP percentage of total XP
 D = Spawn monster count
 E = Non-spawn monster count
 F = Spawn count percentage of total count
 G = Total turns spent on level
                    A         B        C        D         E        F      G
               +---------+---------+-------+---------+---------+-------+---------
         Total |       0 |      21 |   0.0 |       0 |      13 |   0.0 |   377
               +---------+---------+-------+---------+---------+-------+---------
           D:1 |       0 |      21 |   0.0 |       0 |      13 |   0.0 |   357
               +---------+---------+-------+---------+---------+-------+---------
